 Dungeon Crawl Stone Soup version 0.20.1-1-g8b1a95d (webtiles) character file.

2998 Gremour the Carver (level 9, 0/51 HPs)
             Began as a Gargoyle Fighter on Nov 13, 2017.
             Was an Elder of Qazlal.
             Killed by divine providence
             ... invoked by an orc priest
              (11 damage)
             ... on level 6 of the Dungeon.
             The game lasted 00:38:05 (8796 turns).

Gremour the Carver (Gargoyle Fighter)               Turns: 8796, Time: 00:38:05

Health: 0/51       AC:  9    Str: 18 (21) XL:     9   Next: 84%
Magic:  9/9        EV:  8    Int:  4 (6)  God:    Qazlal [****..]
Gold:   401        SH: 15    Dex: 14 (15) Spells: 7/8 levels left

rFire    . . .     SeeInvis .   a - +0 long sword
rCold    + . .     Gourm    .   c - +1 shield
rNeg     + . .     Faith    .   A - +0 leather armour of the Ego {rElec rC+ Int-4} (curse)
rPois    ∞         Spirit   .   (no helmet)
rElec    +         Reflect  .   (no cloak)
rCorr    .         Harm     .   (no gloves)
MR       .....                  (no boots)
Stlth    +.........             (no amulet)
Regen    0.2/turn               d - +3 ring of dexterity
MPRegen  0.2/turn               x - ring of stealth

@: repel missiles
A: claws 1, clever 1, negative energy resistance 1, electricity resistance,
unbreathing, petrification resistance, rot immunity, AC +5
a: Upheaval, Elemental Force, Renounce Religion


You were on level 6 of the Dungeon.
You worshipped Qazlal.
Qazlal was greatly pleased with you.
You were not hungry.

You visited 1 branch of the dungeon, and saw 7 of its levels.

You collected 401 gold pieces.

Inventory:

Hand Weapons
 a - a +0 long sword (weapon)
Missiles
 y - 11 tomahawks (quivered)
Armour
 b - a +0 scale mail
 c - a +1 shield (worn)
 A - the cursed +0 leather armour of the Ego (worn) {rElec rC+ Int-4}
   (You took it off an orc on level 5 of the Dungeon)

   It affects your intelligence (-4).
   It protects you from cold.
   It insulates you from electricity.
   It has a curse placed upon it.
 B - a cursed +0 scale mail
Jewellery
 d - a +3 ring of dexterity (left claw)
 u - an uncursed ring of flight
 x - a ring of stealth (right claw)
Wands
 g - a wand of disintegration (22/24)
Scrolls
 h - 2 scrolls of immolation
 i - a scroll of magic mapping
 l - a scroll of enchant armour
 n - 2 scrolls of amnesia
 z - 2 scrolls of identify
Potions
 k - a potion of heal wounds {unknown}
 m - a potion of mutation
 r - 4 potions of cancellation
 s - a potion of brilliance {unknown}
 v - a potion of agility {unknown}
 C - a potion of resistance {unknown}
Books
 t - a book of Misfortune

   Spells                             Type                      Level
   a - Confusing Touch                Hexes                        1
   b - Confuse                        Hexes                        3
   c - Gell's Gravitas                Translocation                3
   d - Petrify                        Transmutation/Earth          4
   e - Metabolic Englaciation         Hexes/Ice                    5
   f - Yara's Violent Unravelling     Hexes/Transmutation          5
 w - a book of Cantrips

   Spells                             Type                      Level
   a - Confusing Touch                Hexes                        1
   b - Animate Skeleton               Necromancy                   1
   c - Summon Small Mammal            Summoning                    1
   d - Apportation                    Translocation                1
Comestibles
 f - 10 bread rations
 j - 3 royal jellies
 q - 3 meat rations


   Skills:
 - Level 3.2 Fighting
 + Level 12.1 Long Blades
 - Level 3.2 Armour
 - Level 3.2 Shields


You had 7 spell levels left.
You knew the following spells:

 Your Spells              Type           Power        Failure   Level  Hunger
m - Summon Small Mammal   Summ           #...         97%         1    ##.....


Dungeon Overview and Level Annotations

Branches:
Dungeon (7/15)
 Temple: D:4-7

Altars:
Hepliaklqana
Okawaru
Qazlal
Ru
Trog
Uskayaw
Xom
Yredelemnul

Shops:
D:4 }

Annotations:
D:7 Duvessa


Innate Abilities, Weirdness & Mutations

You are resistant to torment.
Your stone body is resilient. (AC +5)
You are immune to poison.
You resist negative energy. (rN+)
You are resistant to electric shocks. (rElec)
You can survive without breathing.
You are immune to petrification.
You are immune to rotting.
You have sharp fingernails.
Your mind is acute. (Int +2)


Message History

The orc warrior is lightly wounded.
You hit the orc warrior but do no damage.
The orc warrior is lightly wounded.
You block the orc warrior's attack.
You completely miss the orc warrior.
The orc warrior is lightly wounded.
You block the orc warrior's attack.
You slash the orc warrior!
The orc warrior is moderately wounded.
The orc priest mumbles some strange prayers to Beogh against you.
Beogh smites you! You block the orc warrior's attack.
You hit the orc warrior.
The orc warrior is heavily wounded.
The orc priest mumbles some strange prayers to Beogh against you.
Beogh smites you!
* * * LOW HITPOINT WARNING * * *
Okay, then.
The orc priest mumbles some strange prayers to Beogh against you.
Beogh smites you!
You die...

.#.##.#######.###.#
###...........# #.# #
##..#######.###.# ###...##
##.....### #### .#.....#
#...o.^..# ##... ......##
#.##.###.# ##.#.# ####.## #.##o#
#.# ##.###. #.# #.##o###.# ##.##
## #.# #.##.@##.# #.## # ##'##
#.###.##.# ##.## ## ##...##
#.....>..# ##.###. ##.....##
#####.#### ##.#.#
#.......######.#.# ##.#.##
.........#.......##########....##
.........'>......................
.........#......########.##......
#.(.....###.##.## #.##..#..#


You could see an orc warrior, an orc priest and an orc.

Vanquished Creatures
  The ghost of Linguinho the Ruffian, a novice TrMo (D:7)
  The ghost of AdmiralAndromeda the Digger, a novice GrEE (D:6)
  A troll (D:6)
  The ghost of Ymberto the Skirmisher, an amateur HOFi (D:3)
  Eustachio (D:4)
  2 black bears (D:6)
  An orc warrior (D:5)
  An ogre (D:4)
  3 scorpions (D:4)
  Dowan (D:7)
  A howler monkey (D:5)
  3 wights (D:6)
  An electric eel (D:6)
  2 crimson imps
  A centaur zombie (D:7)
  3 hounds
  A quasit (D:6)
  2 centaur skeletons
  A bullfrog skeleton (D:4)
  5 orc priests
  7 orc wizards
  5 worker ants
  A hound zombie (D:5)
  A hound skeleton (D:4)
  Robin (D:1)
  A gnoll (D:1)
  8 adders
  A shadow imp (D:5)
  An ooze (D:3)
  An adder zombie (D:5)
  An adder skeleton (D:5)
  2 worms
  3 dart slugs
  3 leopard geckos
  31 orcs
  4 bats
  7 giant cockroaches
  12 goblins
  16 hobgoblins
  27 jackals
  8 kobolds
  4 quokkas
  3 ball pythons
  3 frilled lizards
  A jackal zombie (D:5)
  A leopard gecko skeleton (D:4)
  29 rats
215 creatures vanquished.

Vanquished Creatures (others)
  2 orcs (D:6)
  A jackal zombie (D:6)
  2 plants (D:6)
5 creatures vanquished.

Grand Total: 220 creatures vanquished

Notes
Turn   | Place    | Note
-------+----------+-------------------------------------------
     0 | D:1      | Gremour the Gargoyle Fighter began the quest for the Orb.
     0 | D:1      | Reached XP level 1. HP: 14/14 MP: 1/1
     2 | D:1      | Noticed a vampire
     2 | D:1      | Noticed a minotaur
     4 | D:1      | Noticed a ghoul
     4 | D:1      | Noticed a troll
     6 | D:1      | Noticed a demonspawn
     6 | D:1      | Noticed a naga
     8 | D:1      | Noticed an octopode
    10 | D:1      | Noticed a halfling
    10 | D:1      | Noticed a human
    12 | D:1      | Noticed an elf
    14 | D:1      | Noticed a centaur
    14 | D:1      | Noticed a vine stalker
    16 | D:1      | Noticed a draconian
    16 | D:1      | Noticed an ogre
    18 | D:1      | Noticed a formicid
    20 | D:1      | Noticed a spriggan
    20 | D:1      | Noticed a felid
    22 | D:1      | Noticed a tengu
    22 | D:1      | Noticed a gargoyle
    24 | D:1      | Noticed a demigod
    24 | D:1      | Noticed a merfolk
    26 | D:1      | Noticed a dwarf
    34 | D:1      | Reached skill level 2 in Long Blades
    90 | D:1      | Reached XP level 2. HP: 19/19 MP: 2/2
   127 | D:1      | Reached skill level 3 in Long Blades
   167 | D:1      | Reached XP level 3. HP: 18/23 MP: 3/3
   507 | D:2      | Noticed Robin
   548 | D:1      | Reached XP level 4. HP: 23/28 MP: 4/4
   567 | D:1      | Killed Robin
   847 | D:2      | Reached skill level 4 in Long Blades
   983 | D:2      | Found a stormy altar of Qazlal.
   988 | D:2      | Became a worshipper of Qazlal Stormbringer
  1100 | D:2      | Found a hide-covered altar of Uskayaw.
  1671 | D:3      | Reached XP level 5. HP: 21/32 MP: 5/5
  1930 | D:3      | Reached * piety under Qazlal
  1990 | D:3      | Noticed an ogre
  2756 | D:3      | Noticed Ymberto's ghost (amateur HOFi)
  2765 | D:3      | Killed Ymberto's ghost
  2765 | D:3      | Reached skill level 5 in Long Blades
  2765 | D:3      | Reached XP level 6. HP: 6/37 MP: 6/6
  3058 | D:3      | Reached skill level 6 in Long Blades
  3446 | D:3      | Reached ** piety under Qazlal
  3453 | D:3      | Reached XP level 7. HP: 37/41 MP: 7/7
  3739 | D:4      | Found Kamymeam's Gadget Shoppe.
  3854 | D:4      | Reached skill level 7 in Long Blades
  3918 | D:4      | Found a shimmering altar of Xom.
  3948 | D:4      | Noticed Eustachio
  3967 | D:4      | Killed Eustachio
  4073 | D:4      | Reached skill level 8 in Long Blades
  4099 | D:4      | Found a bloodstained altar of Trog.
  4099 | D:4      | Found an iron altar of Okawaru.
  4161 | D:4      | Reached *** piety under Qazlal
  4235 | D:4      | Reached XP level 8. HP: 28/46 MP: 8/8
  4788 | D:4      | Reached skill level 9 in Long Blades
  4844 | D:5      | Entered Level 5 of the Dungeon
  5403 | D:5      | Learned a level 1 spell: Summon Small Mammal
  5744 | D:5      | Got a bronze leather armour
  5763 | D:5      | Identified the cursed +0 leather armour of the Ego {rElec rC+ Int-4} (You took it off an orc on level 5 of the Dungeon)
  5829 | D:5      | Reached skill level 10 in Long Blades
  5891 | D:5      | Found a sacrificial altar of Ru.
  5895 | D:5      | Found a basalt altar of Yredelemnul.
  5899 | D:5      | Found a hazy altar of Hepliaklqana.
  5994 | D:6      | Noticed AdmiralAndromeda's ghost (novice GrEE)
  6049 | D:6      | Killed AdmiralAndromeda's ghost
  6049 | D:6      | Reached XP level 9. HP: 25/51 MP: 9/9
  6228 | D:6      | Noticed a troll
  6239 | D:6      | Killed a troll
  6407 | D:6      | Reached skill level 11 in Long Blades
  6421 | D:6      | Reached **** piety under Qazlal
  7787 | D:7      | Noticed Duvessa
  7789 | D:7      | Noticed Linguinho's ghost (novice TrMo)
  7790 | D:7      | Noticed Dowan
  7808 | D:7      | Killed Dowan
  8103 | D:7      | Gained mutation: You have sharp fingernails. [potion of mutation]
  8103 | D:7      | Gained mutation: Your mind is acute. (Int +2) [potion of mutation]
  8343 | D:7      | HP: 2/51 [Linguinho's ghost (17)]
  8680 | D:7      | Killed Linguinho's ghost
  8680 | D:7      | Reached skill level 12 in Long Blades
  8696 | D:7      | Noticed a gargoyle
  8796 | D:6      | Killed from afar by an orc priest

Skill      XL: |  1  2  3  4  5  6  7  8  9 |
---------------+----------------------------+-----
Long Blades    | 2 3 4 5 6 8 10 12 | 12.1
Fighting       | |  3.2
Armour         | |  3.2
Shields        | |  3.2

Action                   |  1- 3 |  4- 6 |  7- 9 || total
-------------------------+-------+-------+-------++-------
Melee: Long sword        |   116 |   285 |   545 ||   946
  Use: Potion            |       |     2 |     6 ||     8
       Scroll            |       |       |    10 ||    10
  Eat: Chunk             |       |     5 |    15 ||    20
       Bread ration      |       |     1 |       ||     1
       Royal jelly       |       |       |     1 ||     1
Armor: Scale mail        |    75 |   156 |   157 ||   388
       Leather armour    |       |       |    74 ||    74
Dodge: Dodged            |    38 |    69 |   145 ||   252
Block: Shield            |    57 |    77 |   171 ||   305
       Other             |       |     3 |    46 ||    49
       Rpst.: Long sword |    13 |    28 |    48 ||    89
